 Dungeon Crawl Stone Soup version 0.29-a0-464-g50448035db (webtiles) character file.

Game seed: 10977918250495361969

57 Bruhh the Skirmisher (level 4, -1/50 HPs)
             Began as an Ogre Fighter on May 20, 2022.
             Slain by Jessica
             ... wielding a +1 dagger of electrocution
              (14 damage)
             ... on level 2 of the Dungeon.
             The game lasted 00:01:13 (1614 turns).

Bruhh the Skirmisher (Ogre Fighter)                 Turns: 1614, Time: 00:01:13

Health: -1/50      AC:  3    Str: 22    XL:     4   Next: 0%
Magic:  0/13       EV:  8    Int:  9    God:
Gold:   71         SH:  7    Dex:  8    Spells: 3/3 levels left

rFire   . . .      SeeInvis +   a - +0 war axe
rCold   . . .      Faith    .   c - +0 kite shield
rNeg    . . .      Spirit   +   b - +0 robe
rPois   .          Reflect  .   (helmet restricted)
rElec   .          Harm     .   (no cloak)
rCorr   .          Rampage  .   (gloves unavailable)
Will    .....                   (boots unavailable)
Stlth   +.........              i - amulet of guardian spirit
HPRegen 0.16/turn               g - ring of see invisible
MPRegen 0.13/turn               d - ring of magical power

@: mighty
A: large, unfitting armour, tough skin 1
a: no special abilities


You were on level 2 of the Dungeon.
You visited 1 branch of the dungeon, and saw 2 of its levels.

You collected 71 gold pieces.

Inventory:

Hand Weapons
 a - a +0 war axe (weapon)
Armour
 b - a +0 robe (worn)
 c - a +0 kite shield (worn)
Jewellery
 d - a ring of magical power (right hand)
 g - a ring of see invisible (left hand)
 i - an amulet of guardian spirit (around neck)
Scrolls
 h - 2 scrolls of identify {unknown}
 k - a scroll of magic mapping {unknown}
Potions
 e - 2 potions of ambrosia {unknown}
 f - 2 potions of berserk rage {unknown}
 j - a potion of mutation {unknown}
 l - a potion of lignification {unknown}


   Skills:
 + Level 5.3 Fighting
 + Level 3.2 Axes
 - Level 2.6 Dodging
 - Level 3.0 Shields


You had 3 spell levels left.
You didn't know any spells.
Your spell library contained the following spells:

 Spells                   Type           Power      Damage    Failure   Level
 Scorch                   Fire           0%         2d5       82%         2
 Flame Wave               Conj/Fire      0%         2d4       100%        4
 Summon Cactus Giant      Summ           0%         N/A       100%        6


Dungeon Overview and Level Annotations

Branches:
Dungeon (2/15)

Altars:

Annotations:
D:2 Jessica


Innate Abilities, Weirdness & Mutations

You are too large for most types of armour.
You have tough skin. (AC +1)


Message History

You resist with some effort.
Found a scroll labelled QYLICV KAROHE and a smoking hand axe.
There is an open door here.
You closely miss Jessica.
Jessica hits you with a +1 dagger of electrocution.
You barely miss Jessica. You block Jessica's attack.
Jessica closely misses you.
You barely miss Jessica.
Jessica points at you and mumbles some strange words.
Pain shoots through your body!
You hit Jessica.
Jessica is heavily wounded.
Jessica casts a spell.
Jessica blinks!
Found 2 potions of curing.
Jessica hits you with a +1 dagger of electrocution.
You are electrocuted!
You barely miss Jessica.
Jessica is heavily wounded.
Jessica hits you with a +1 dagger of electrocution.
You are electrocuted!
* * * LOW HITPOINT WARNING * * *
You are too injured to fight recklessly!
You are too injured to fight recklessly!
You are too injured to fight recklessly!
You are too injured to fight recklessly!
You are too injured to fight recklessly!
You are too injured to fight recklessly!
You are too injured to fight recklessly!
You are too injured to fight recklessly!
You are too injured to fight recklessly!
You are too injured to fight recklessly!
You are too injured to fight recklessly!
You are too injured to fight recklessly!
You are too injured to fight recklessly!
You feel very mighty all of a sudden.
Jessica hits you with a +1 dagger of electrocution.
* * * LOW HITPOINT WARNING * * *
You are electrocuted!!
You die...

#........#
#....†#
#........#
#.....#
#........#
#.....##
#........#
#.......
#........#
#....###
###'######
###### #
##.######### #
#........... #
#...@....... #
......?.@......
#
####...).......
# .............
.
###...........
# #...........
#...........
#...!.......


You could see Jessica.

Vanquished Creatures
  Terence (D:2)
  3 dart slugs
  An endoplasm (D:1)
  2 goblins
  3 jackals (D:1)
  2 quokkas (D:1)
  3 ball pythons
  4 bats (D:1)
  4 frilled lizards (D:1)
  3 kobolds (D:1)
  4 rats (D:1)
30 creatures vanquished.

Notes
Turn   | Place    | Note
-------+----------+-------------------------------------------
     0 | D:1      | Bruhh the Ogre Fighter began the quest for the Orb.
     0 | D:1      | Reached XP level 1. HP: 24/24 MP: 1/1
   528 | D:1      | Found a faded altar of an unknown god.
   544 | D:1      | Reached XP level 2. HP: 33/33 MP: 2/2
  1092 | D:1      | Reached XP level 3. HP: 41/41 MP: 3/3
  1274 | D:2      | Noticed Terence
  1289 | D:2      | Killed Terence
  1290 | D:2      | Reached skill level 5 in Fighting
  1560 | D:2      | Reached XP level 4. HP: 50/50 MP: 4/4
  1604 | D:2      | Noticed Jessica
  1614 | D:2      | Slain by Jessica

Illustrated notes

Levels and vault maps discovered:
D:1:      minmay_arrival_loop, layout_loops_corners,
          shapermc_ecumenical_altar_mp_ritualfount
D:2:      layout_basic, uniq_jessica, uniq_terence

Skill      XL: |  1  2  3 |
---------------+----------+-----
Fighting       | 5 |  5.3
Axes           | 3 |  3.2
Dodging        | |  2.6
Shields        | |  3.0

Action                   |  1- 3 |  4- 6 || total
-------------------------+-------+-------++-------
Melee: War axe           |    94 |     5 ||    99
  Use: Potion            |     1 |     1 ||     2
Armor: Robe              |    33 |       ||    33
Dodge: Dodged            |    40 |     1 ||    41
Block: Kite shield       |    35 |     1 ||    36

Table legend: (Time is in decaauts)
 A = Elapsed time spent in this place.
 B = Non-inter-level travel time spent in this place.
 C = Inter-level travel time spent in this place.
 D = Time resting spent in this place.
 E = Time spent auto-exploring this place.
 F = Levels seen in this place.
 G = Mean time per level.
                   A        B        C        D        E       F      G
               +--------+--------+--------+--------+--------+-----+--------+
         Total |   1662 |   1662 |      0 |      0 |   1385 |   2 |  831.0 |
       Dungeon |   1662 |   1662 |      0 |      0 |   1385 |   2 |  831.0 |
               +--------+--------+--------+--------+--------+-----+--------+

Top non-repeatable levels by time:
     D:1: 1307 daAuts
     D:2: 355 daAuts
